 Dungeon Crawl Stone Soup version 0.30.0-17-ge0270778cf (webtiles) character file.

Game seed: 12716817784448664285

157 Edyrem the Shield-Bearer (level 5, -6/43 HPs)
             Began as a Formicid Fighter on May 23, 2023.
             Was an Initiate of Okawaru.
             Mangled by an orc
             ... wielding a +0 flail
              (8 damage)
             ... on level 4 of the Dungeon.
             The game lasted 00:06:47 (3177 turns).

Edyrem the Shield-Bearer (Formicid Fighter)         Turns: 3177, Time: 00:06:48

Health: -6/43      AC:  4    Str: 29    XL:     5   Next: 66%
Magic:  5/5        EV: 10    Int:  7    God:    Okawaru [......]
Gold:   291        SH:  5    Dex: 13    Spells: 4/4 levels left

rFire   + . .        a - +0 war axe
rCold   . . .        c - +0 buckler
rNeg    . . .        p - +0 leather armour of Omamyk {rF+ Slay+3}
rPois   +            (helmet unavailable)
rElec   .            (no cloak)
rCorr   .            (no gloves)
SInv    +            k - +0 pair of boots
Will    .....        (no amulet)
Stlth   +            e - +6 ring of strength
HPRegen 0.27/turn    g - ring of poison resistance
MPRegen 0.09/turn

%: no passive effects
@: no status effects
A: permanent stasis, dig shafts and tunnels, antennae 3, four strong arms
a: Dig, Shaft Self, Renounce Religion


You were on level 4 of the Dungeon.
You worshipped Okawaru.
Okawaru was noncommittal.
You visited 1 branch of the dungeon, and saw 4 of its levels.

You collected 291 gold pieces.

Inventory:

Hand Weapons
 a - a +0 war axe (weapon)
 b - a +4 spear
 t - a +0 trident
Missiles
 i - 5 atropa-tipped darts
Armour
 c - a +0 buckler (worn)
 k - a +0 pair of boots (worn)
 p - the +0 leather armour of Omamyk (worn) {rF+ Slay+3}
   (You found it on level 2 of the Dungeon)

   Slay:      It affects your accuracy & damage with ranged weapons and melee
   (+3).
   rF:        It protects you from fire.
 w - a +0 scale mail
Jewellery
 e - a +6 ring of strength (left hand)
 g - a ring of poison resistance (right hand)
Scrolls
 j - 3 scrolls of amnesia {unknown}
 m - 3 scrolls of fog {unknown}
 n - a scroll of magic mapping {unknown}
 q - 5 scrolls of identify {unknown}
 r - a scroll of enchant weapon {unknown}
 u - a scroll of noise {unknown}
Potions
 d - a potion of might
 f - 5 potions of curing {unknown}
 h - a potion of attraction {unknown}
 l - a potion of degeneration {unknown}
 o - a potion of cancellation {unknown}
 s - a potion of heal wounds {unknown}
 v - a potion of mutation {unknown}


   Skills:
 + Level 4.3 Fighting
 + Level 3.1 Axes
 + Level 4.3 Armour
 + Level 5.1 Shields


You had 4 spell levels left.
You didn't know any spells.
Your spell library contained the following spells:

 Spells                   Type           Power      Damage    Failure   Level
 Apportation              Tloc           0%         N/A       52%         1
 Necrotise                Necr           0%         1d4       52%         1
 Ozocubu's Armour         Ice            0%         N/A       87%         3
 Ozocubu's Refrigeration  Ice            0%         4d7       100%        7
 Summon Small Mammal      Summ           Unusable   N/A       N/A         1

Dungeon Overview and Level Annotations

Branches:
Dungeon (4/15)
 Temple: D:4-7

Altars:
Dithmenos
Okawaru
Xom


Innate Abilities, Weirdness & Mutations

You cannot be hasted, slowed, berserked, paralysed or teleported.
You can dig through walls and to a lower floor.
You have a pair of large antennae on your head. (SInv)
Your four strong arms can wield two-handed weapons with a shield.


Message History

The orc moves out of view.
You closely miss the orc priest. The orc hits you with a +0 dagger.
The orc priest calls down the wrath of Beogh upon you.
Pain shoots through your body!
You barely miss the orc priest. The orc hits you with a +0 dagger.
You block the orc priest's attack.
You are too injured to fight recklessly!
You are too injured to fight recklessly!
Unknown command.
a - a +0 war axe (weapon)
You barely miss the orc priest. You barely miss the orc.
You block the orc's attack. The orc priest hits you with a +0 mace.
You hit the orc priest.
The orc priest is lightly wounded.
You hit the orc. The orc closely misses you. You block the orc priest's attack.
The orc priest barely misses you. The orc hits you with a +0 dagger.
You slash the orc priest!
You kill the orc priest!
Okawaru accepts your kill.
You closely miss the orc.
You hear the slow hiss of a very distant avalanche of sand.
The orc barely misses you.
You barely miss the orc. You hit the orc.
You kill the orc!
Okawaru accepts your kill. The orc closely misses you.
You hit the orc.
The orc is moderately wounded.
You closely miss the orc. The orc hits you with a +0 club.
The orc hits you with a +0 flail. You block the orc's attack.
The orc priest calls down the wrath of Beogh upon you.
Beogh smites you!
* * * LOW HITPOINT WARNING * * *
The orc hits you but does no damage.
You closely miss the orc.
The orc is moderately wounded.
You barely miss the orc. The orc hits you with a +0 club.
* * * LOW HITPOINT WARNING * * *
The orc hits you with a +0 flail!
You die...

........ #......#
#......# #.....#
#.....# #o... #oo#
##@# ##
#..####.#####
##........#..##
#..............
....<...#........#
...#...###........#
....##...
##.....###
....#.... ##.....#
.......# #..#####


You could see an orc priest and 2 orcs.

Vanquished Creatures
  An orc priest (D:4)
  Robin (D:3)
  2 adders (D:2)
  A worm (D:3)
  2 dart slugs (D:3)
  4 orcs
  5 bats
  7 endoplasms
  4 giant cockroaches
  18 goblins
  7 hobgoblins
  5 jackals
  4 quokkas
  6 ball pythons
  5 frilled lizards
  5 kobolds (D:1)
  2 rats
79 creatures vanquished.

Notes
Turn   | Place    | Note
-------+----------+-------------------------------------------
     0 | D:1      | Edyrem the Formicid Fighter began the quest for the Orb.
     0 | D:1      | Reached XP level 1. HP: 18/18 MP: 1/1
   237 | D:1      | Reached XP level 2. HP: 24/24 MP: 2/2
   842 | D:1      | Reached XP level 3. HP: 29/29 MP: 3/3
  1257 | D:2      | Identified the +0 leather armour of Omamyk {rF+ Slay+3}
  1439 | D:2      | Found a shadowy altar of Dithmenos.
  1461 | D:2      | Reached XP level 4. HP: 26/37 MP: 4/4
  2548 | D:3      | Found a shimmering altar of Xom.
  2548 | D:3      | Found an iron altar of Okawaru.
  2837 | D:3      | Noticed Robin
  2840 | D:3      | Reached XP level 5. HP: 41/42 MP: 5/5
  2854 | D:3      | Killed Robin
  2855 | D:3      | Reached skill level 5 in Shields
  3106 | D:3      | Became a worshipper of Warmaster Okawaru
  3177 | D:4      | HP: 2/43 [orc/+0 club (2)]
  3177 | D:4      | Mangled by an orc

Illustrated notes

Levels and vault maps discovered:
D:1:      dpeg_arrival_solitude, layout_basic, st_stairs_6
D:2:      layout_rooms, basic_altar
D:3:      kennysheep_goblin_castle, layout_basic,
          amethyst_overflow_temple_binary, portal_sewer_entry_f, uniq_robin
D:4:      layout_cave_pools, mainiacjoe_overflow_two_lobes,
          gup_ossuary_entry_pyramid, corexii_shack, minivault_11

Skill      XL: |  1  2  3  4  5 |
---------------+----------------+-----
Fighting       | 4 |  4.3
Armour         | 4 |  4.3
Axes           | 3 |  3.1
Shields        | 5 |  5.1

Action                     |  1- 3 |  4- 6 || total
---------------------------+-------+-------++-------
  Melee: War axe           |    92 |    81 ||   173
         Spear             |       |     5 ||     5
 Armour: Scale mail        |    41 |       ||    41
         Leather armour    |     1 |    20 ||    21
  Dodge: Dodged            |    41 |    57 ||    98
  Block: Buckler           |    23 |    26 ||    49
